AoeStats
← blb_00

MegaRandom

509172244Analyzed
2v2 RM · 6d ago on Sep 25, 2026· 48m 32s· 4 players
Game mode
Random Map
Map size
Medium (4 player)
Population
200
Speed
Normal
Resources
Standard
Victory
Conquest
Starting age
Dark Age
Ending age
Imperial Age
RankedLock teamsTeams togetherTeam positionsShared explorationLock speedFull tech treeHidden civsTurbo modeCheats
Victory
Defeat
🇦🇷 Mongols · Argentina
769
+16
🇪🇸 Slavs · Spain
738
+16
🇫🇷 Burgundians · France
786
-17
🇫🇷 Vikings · France
738
-15
blb_00
10:01 Feudal Age
10:39 Double-Bit Axe
11:52 Wheelbarrow
11:19 Horse Collar
18:33 Castle Age
20:15 Hand Cart
20:39 Bow Saw
24:54 Pikeman
27:58 Stone Mining
28:12 Heavy Plow
30:17 Gold Mining
32:10 Forging
32:00 Scale Mail Armor
34:44 Imperial Age
36:53 Two-Man Saw
36:44 Elite Skirmisher
41:06 Chemistry
40:14 Scale Barding Armor
40:44 Iron Casting
40:31 Halberdier
43:21 Chain Barding Armor
44:01 Blast Furnace
42:51 Fletching
46:48 Fletching
46:58 Padded Archer Armor
48:00 Bodkin Arrow
nahuelbasylkiv
10:34 Feudal Age
11:22 Double-Bit Axe
11:33 Horse Collar
13:12 Loom
17:48 Fletching
19:04 Gold Mining
22:27 Castle Age
22:11 Wheelbarrow
21:30 Gold Mining
21:34 Stone Mining
22:07 Man-at-Arms
24:08 Gold Shaft Mining
27:06 Stone Shaft Mining
32:14 Town Watch
33:51 Bow Saw
34:47 Pikeman
35:51 Husbandry
36:05 Forging
36:17 Scale Barding Armor
36:25 Bloodlines
38:35 Long Swordsman
45:13 Imperial Age
46:20 Drill
45:24 Capped Ram
46:32 Siege Ram
46:56 Heavy Scorpion
DiedZombies62
0:39 Loom
10:15 Feudal Age
11:00 Horse Collar
11:08 Double-Bit Axe
12:25 Bow Saw
12:18 Heavy Plow
16:52 Scale Barding Armor
16:59 Forging
19:01 Castle Age
19:06 Stone Mining
19:13 Fletching
19:09 Cavalier
20:14 Chain Barding Armor
20:31 Iron Casting
21:45 Two-Man Saw
28:05 Bodkin Arrow
28:18 Padded Archer Armor
28:51 Gold Mining
30:42 Wheelbarrow
30:21 Burgundian Vineyards
33:37 Leather Archer Armor
35:35 Town Watch
36:08 Hand Cart
36:35 Crop Rotation
37:34 Murder Holes
37:35 Light Cavalry
41:29 Gold Shaft Mining
42:57 Ballistics
legrosalexandre50
9:58 Feudal Age
12:15 Feudal Age
12:38 Loom
12:45 Horse Collar
12:53 Double-Bit Axe
12:41 Man-at-Arms
13:08 Arson
17:02 Forging
16:53 Scale Mail Armor
16:44 Fletching
17:22 Padded Archer Armor
17:50 Gold Mining
22:57 Stone Mining
25:40 Castle Age
26:46 Bodkin Arrow
29:41 Pikeman
33:44 Bow Saw
34:10 Squires
35:55 Heavy Plow
Connection lost

Rejoining the realm…

Still unreachable

The connection could not be restored.

Session expired

The server has moved on; the page needs a fresh start.